[Event "*** Titled Tuesday Blitz"]
[Site "Chess.com"]
[Date "2019.08.06"]
[Round "4"]
[White "Komissarov_alex"]
[Black "aquaticpineapples"]
[Result "0-1"]
[WhiteElo "2180"]
[BlackElo "2149"]
[TimeControl "180+2"]
[EndTime "13:50:37 PDT"]
[Termination "aquaticpineapples won on time"]

1. e4 e6 2. d4 d5 3. Nc3 Bb4 4.
Ne2 Nc6 5. a3 Bxc3+ 6. Nxc3 dxe4 7. d5 exd5 8. Qxd5 Qxd5 9. Nxd5 Nd4 10. Nxc7+ Kd8 11. Nxa8 Nxc2+ 12. Kd1 Nxa1 13. Bc4 Be6 14. Bxe6 fxe6 15. Bf4 Nb3 16. Nc7 Ke7 17. Kc2 Nd4+ 18.
Kb1 Nf6 19. Rd1 Nc6 20. Rd6 e5 21. Re6+ Kd7 22. Rxe5 Nxe5 23. Bxe5 Ng4 24. Bg3 Nxf2 25. Nb5 Nd3 26. Nxa7 Rf8 27. Nb5 Rf1+ 28. Kc2 Ne1+ 29.
Kc3 Nxg2 30. Nd6 e3 31. Nxb7 e2 32. Nc5+ Kc6 0-1

[Event "*** Titled Tuesday Blitz"]
[Site "Chess.com"]
[Date "2019.08.06"]
[Round "4"]
[White "Etoilegeniale"]
[Black "djano"]
[Result "1-0"]
[WhiteElo "2527"]
[BlackElo "2307"]
[TimeControl "180+2"]
[EndTime "13:50:39 PDT"]
[Termination "Etoilegeniale won by resignation"]

1. e4 c5 2. Nc3 Nc6 3. Bb5 g6 4.
Bxc6 bxc6 5. d3 Bg7 6. f4 d6 7. Nf3 Nf6 8. O-O O-O 9. Qe1 e6 10. Qh4 Nd7 11. Qg3 f5 12. e5 d5 13. Na4 Rb8 14.
c4 dxc4 15. dxc4 Nb6 16. Nxc5 Nxc4 17. b3 Qb6 18. Qf2 Na5 19. Be3 Qc7 20. Rfd1 Rd8 21. Ng5 Re8 22. Rd6 Bh8 23. Ngxe6 Qe7 24. Rad1 Nb7 25.
Nxb7 Rxb7 26. Nc5 Rc7 27. Qg3 Bg7 28. h4 Kh8 29. Bd4 Rd8 30. Rxd8+ Qxd8 31. Qe3 Qxh4 32. e6 Qh5 33. Bxg7+ Kxg7 34. Qe5+ Kh6 35. Rd3 1-0

[Event "*** Titled Tuesday Blitz"]
[Site "Chess.com"]
[Date "2019.08.06"]
[Round "4"]
[White "Giraffe_Chess"]
[Black "JSMastropiero"]
[Result "1-0"]
[WhiteElo "2394"]
[BlackElo "2319"]
[TimeControl "180+2"]
[EndTime "13:50:40 PDT"]
[Termination "Giraffe_Chess won by resignation"]

1. d4 e6 2. c4 f5 3. Nc3 Nf6 4. e3 Bb4 5. Bd3 b6 6. Ne2 Bb7 7. O-O O-O 8. f3 c5 9. a3 cxd4 10. exd4 Be7 11. Re1 g6 12. Be3 Nc6 13. Bf2 Rc8 14.
b4 d6 15. Qb3 Kh8 16. Nf4 e5 17. Ne6 Qd7 18. Nxf8 Rxf8 19. d5 Nd8 20. a4 Nf7 21. a5 e4 22. fxe4 Ne5 23. Bf1 f4 24. axb6 axb6 25. Ra7 f3 26. c5 fxg2 27. Bxg2 Qg4 28. Nd1 Nh5 29. Rxb7 Nf3+ 30. Kh1 Nxe1 31. Bxe1 Qe2 32.
Qb2+ Qxb2 33. Nxb2 Bf6 34. c6 Bxb2 35. c7 Kg7 36.
c8=Q+ 1-0

[Event "*** Titled Tuesday Blitz"]
[Site "Chess.com"]
[Date "2019.08.06"]
[Round "4"]
[White "rasmussvane"]
[Black "SanchezKelvin"]
[Result "1-0"]
[WhiteElo "2816"]
[BlackElo "2451"]
[TimeControl "180+2"]
[EndTime "13:50:41 PDT"]
[Termination "rasmussvane won by resignation"]

1. Nf3 g6 2. d4 Bg7 3. e4 d6 4. Bd3 Nf6 5. O-O O-O 6. c3 c5 7.
h3 Nc6 8. Re1 e5 9. dxc5 dxc5 10. Be3 b6 11. Qc2 Qe7 12. Nbd2 Nh5 13. Rad1 Bb7 14.
Bg5 Bf6 15. Bh6 Bg7 16. Be3 Nf4 17. Bf1 Bc8 18. a4 Be6 19. Bc4 Rad8 20. Bxf4 exf4 21.
e5 Bf5 22. Qc1 g5 23. Ne4 h6 24. Nd6 Be6 25. Qc2 Nxe5 26. Nxe5 Bxe5 27. Nf5 Qf6 28. Bxe6 Rxd1 29. Qxd1 Bxc3 30. bxc3 fxe6 31. Nd6 Rd8 32. Ne4 Rxd1 33. Nxf6+ Kf7 34. Rxd1 1-0

[Event "*** Titled Tuesday Blitz"]
[Site "Chess.com"]
[Date "2019.08.06"]
[Round "4"]
[White "aleccable"]
[Black "doons21"]
[Result "0-1"]
[WhiteElo "2316"]
[BlackElo "2601"]
[TimeControl "180+2"]
[EndTime "13:50:42 PDT"]
[Termination "doons21 won by resignation"]

1. e4 e6 2. Qe2 c5 3. Nf3 Be7 4. g3 Nc6 5. Bg2 Nf6 6. O-O d5 7. d3 b6 8. e5 Nd7 9. Re1 Bb7 10. h4 h6 11. h5 Qc7 12. c4 dxc4 13. dxc4 O-O-O 14. Nc3 a6 15. Bf4 g5 16. hxg6 fxg6 17. Nd5 Qb8 18. Bh3 g5 19. Nxe7+ Nxe7 20. Bc1 Qc7 21. Bg2 Ng6 22. b3 Rhf8 23. Bb2 g4 24. Nd2 Bxg2 25. Kxg2 Qc6+ 26. Qe4 Kb7 27. Qxc6+ Kxc6 28. Nf1 h5 29. Rad1 Nb8 30. Ne3 Kc7 31. Rxd8 Rxd8 32. f3 Rd2+ 0-1

[Event "*** Titled Tuesday Blitz"]
[Site "Chess.com"]
[Date "2019.08.06"]
[Round "4"]
[White "jposthuma"]
[Black "Eliwood44"]
[Result "0-1"]
[WhiteElo "2430"]
[BlackElo "2341"]
[TimeControl "180+2"]
[EndTime "13:50:44 PDT"]
[Termination "Eliwood44 won by checkmate"]

1. d4 d5 2. c4 e6 3. Nf3 Nf6 4. g3 Be7 5. Bg2 O-O 6. O-O dxc4 7. Qc2 a6 8. Qxc4 b5 9. Qc2 Bb7 10. Bf4 Nc6 11. Rd1 Nd5 12. Nc3 Ncb4 13. Qc1 Nxf4 14.
Qxf4 Nd5 15. Nxd5 Bxd5 16. Ne5 Bxg2 17. Kxg2 Bd6 18. Rac1 f6 19. Qg4 Qe8 20. Nc6 Qf7 21.
Qf3 Rae8 22. e4 e5 23. dxe5 Bxe5 24. b3 Qe6 25. Rd5 Bd6 26. a4 bxa4 27. bxa4 Qxe4 28.
Ra5 Qxf3+ 29. Kxf3 Ra8 30. Nd4 Rfb8 31. Nf5 Rb3+ 32. Kg2 Be5 33. f4 Bd6 34. Nxd6 cxd6 35. Rc6 Re8 36. Raxa6 Re2+ 37. Kh3 h5 38. Kh4 Rxh2# 0-1

[Event "*** Titled Tuesday Blitz"]
[Site "Chess.com"]
[Date "2019.08.06"]
[Round "4"]
[White "Quiet_Desperation"]
[Black "PIwan"]
[Result "0-1"]
[WhiteElo "2490"]
[BlackElo "2537"]
[TimeControl "180+2"]
[EndTime "13:50:45 PDT"]
[Termination "PIwan won by resignation"]

1. e4 e6 2. d4 d5 3. Nc3 Nf6 4.
e5 Nfd7 5. f4 c5 6. Nf3 Nc6 7. Be3 Qb6 8. a3 a6 9. Be2 Qc7 10. O-O Be7 11. Qd2 O-O 12. Kh1 b5 13. Nd1 cxd4 14. Nxd4 Nc5 15. Nf2 Bb7 16. Rae1 Rad8 17. Bf3 f5 18. g4 Nxd4 19. Bxd4 Ne4 20. Qe2 b4 21. axb4 Bxb4 22. c3 Be7 23. gxf5 exf5 24.
Rg1 Bc5 25. Nd3 Bxd4 26. cxd4 Qc4 27. Qe3 Qxd3 28. Qxd3 Nf2+ 29. Kg2 Nxd3 30. Kg3 Nxe1 31. Rxe1 Kf7 32. Ra1 Rc8 33. Ra5 Ke6 34. b4 Rc3 35. b5 Ra8 36. bxa6 Rxa6 37. Rb5 Raa3 38. Rxb7 Rxf3+ 39. Kg2 Rxf4 0-1

[Event "*** Titled Tuesday Blitz"]
[Site "Chess.com"]
[Date "2019.08.06"]
[Round "4"]
[White "Nathan_Filgueiras"]
[Black "ahachess"]
[Result "1-0"]
[WhiteElo "2216"]
[BlackElo "2327"]
[TimeControl "180+2"]
[EndTime "13:50:46 PDT"]
[Termination "Nathan_Filgueiras won by resignation"]

1. e4 c5 2. Nf3 d6 3. d4 cxd4 4. Nxd4 Nf6 5. Nc3 g6 6. Be3 Bg7 7. f3 O-O 8. Qd2 Nc6 9. O-O-O Bd7 10. Kb1 Ne5 11. h4 h5 12. Bh6 a6 13. Bxg7 Kxg7 14.
Be2 b5 15. g4 b4 16. Nd5 Nxd5 17. exd5 hxg4 18. h5 Rh8 19. hxg6 fxg6 20. fxg4 Qb6 21. Qg5 Rxh1 22. Qxe7+ Nf7 23. Rxh1 Qxd4 24. Qxd7 Qe5 25. Rf1 Rf8 26. Bd3 Qxd5 27. Qe7 Qe5 28. Qb7 a5 29. b3 d5 30. Qc6 Qd6 31. Rxf7+ 1-0

[Event "*** Titled Tuesday Blitz"]
[Site "Chess.com"]
[Date "2019.08.06"]
[Round "4"]
[White "Korchmar_Vasiliy"]
[Black "Tjktiger"]
[Result "1-0"]
[WhiteElo "2669"]
[BlackElo "2816"]
[TimeControl "180+2"]
[EndTime "13:50:47 PDT"]
[Termination "Korchmar_Vasiliy won on time"]

1. d4 d6 2. Nf3 g6 3. Bg5 Bg7 4. Nbd2 Nd7 5. e4 h6 6. Bh4 g5 7. Bg3 Ngf6 8. c3 Nh5 9. Bd3 e6 10. Qe2 a6 11. O-O-O b5 12. e5 d5 13. h4 Nxg3 14. fxg3 g4 15. Nh2 h5 16. Rhf1 Qe7 17. Rf2 Kd8 18. Nhf1 c5 19. Ne3 Bb7 20. Rdf1 Rf8 21.
Kb1 Rc8 22. Ka1 Bh6 23. Nc2 c4 24. Bh7 f5 25. Bxf5 exf5 26. Rxf5 Kc7 27. Ne3 Qe6 28. Rxh5 Rxf1+ 29. Ndxf1 Rf8 30. Qc2 Rf7 31. Nf5 Bf8 32. N1e3 Bc6 33. Rg5 b4 34. Rxg4 bxc3 35. Qxc3 Rxf5 36.
Nxf5 Qxf5 37. Rf4 Qd3 38. Qxd3 cxd3 39. Kb1 Bh6 40. Rf7 d2 41. Kc2 Bb5 42. Kd1 Kd8 43. g4 Be3 44. g5 Bd3 45. Rf3 1-0

[Event "*** Titled Tuesday Blitz"]
[Site "Chess.com"]
[Date "2019.08.06"]
[Round "4"]
[White "olksuna"]
[Black "VeraNebolsina"]
[Result "1-0"]
[WhiteElo "2566"]
[BlackElo "2379"]
[TimeControl "180+2"]
[EndTime "13:50:51 PDT"]
[Termination "olksuna won by resignation"]

1. c4 e5 2. Nc3 Nc6 3. g3 Bc5 4.
Bg2 a6 5. e3 Nge7 6. Nge2 d6 7.
a3 Ba7 8. b4 O-O 9. O-O Be6 10.
Nd5 Qd7 11. d4 Bg4 12. dxe5 Nxe5 13. Qc2 Bf5 14. e4 Bg4 15. Bb2 N7g6 16. Rad1 Bf3 17.
c5 Qg4 18. h3 Qh5 19. Nef4 Bxd1 20. Rxd1 Nxf4 21. Nxf4 Qh6 22. Nd5 Rae8 23. Nxc7 Rc8 24. Nd5 Rfe8 25. f4 dxc5 26. Kh1 Ng4 27. Qe2 f5 28. b5 axb5 29. Rf1 c4 30. e5 c3 31. Bxc3 Ne3 32. Nxe3 Rxc3 33. Nxf5 Qg6 34. Nd6 Qxd6 35. Qa2+ 1-0

[Event "*** Titled Tuesday Blitz"]
[Site "Chess.com"]
[Date "2019.08.06"]
[Round "4"]
[White "ahkashefi2800"]
[Black "ALEXJR20"]
[Result "0-1"]
[WhiteElo "2073"]
[BlackElo "2185"]
[TimeControl "180+2"]
[EndTime "13:50:51 PDT"]
[Termination "ALEXJR20 won by resignation"]

1. d4 Nf6 2. Nf3 e6 3. Bf4 c5 4. c3 b6 5. Nbd2 Bb7 6. h3 Be7 7. e3 O-O 8. Bd3 d5 9. Rc1 Nbd7 10. O-O Ne4 11. Re1 f5 12. Ne5 Nxe5 13. Bxe5 Bh4 14. Rf1 Qe8 15. f4 Bf6 16. Nxe4 fxe4 17. Be2 Bxe5 18. fxe5 Rxf1+ 19. Qxf1 Qg6 20. Kh2 Rf8 21. Qg1 Qg5 22. Rf1 Rxf1 23. Bxf1 Bc6 24. Be2 Be8 25. Qf2 h5 26. h4 Qh6 27. g4 hxg4 28. Bxg4 c4 29. Kg3 Bh5 30. Bh3 Bf3 31. Kh2 Kh7 32. Qe1 b5 33. b4 cxb3 34. axb3 a5 35. Bf1 a4 36. bxa4 bxa4 37. c4 dxc4 38. Bxc4 a3 39.
Kh3 Qg6 40. Qg3 Qh6 41. Bxe6 Qxe6+ 42. Kh2 a2 43. Qe1 Qg4 44. Qf2 a1=Q 45. d5 Qxe5+ 0-1

[Event "*** Titled Tuesday Blitz"]
[Site "Chess.com"]
[Date "2019.08.06"]
[Round "4"]
[White "Keithonsky"]
[Black "Saitama_Hero"]
[Result "0-1"]
[WhiteElo "2451"]
[BlackElo "2318"]
[TimeControl "180+2"]
[EndTime "13:50:54 PDT"]
[Termination "Saitama_Hero won by resignation"]

1. d4 Nf6 2. c4 g6 3. Nc3 d5 4.
Bg5 Bg7 5. Bxf6 Bxf6 6. cxd5 c6 7. Rc1 O-O 8. dxc6 Qxd4 9. Qxd4 Bxd4 10. cxb7 Bxb7 11. e3 Bg7 12. Nf3 Nd7 13. Be2 Rab8 14. O-O Bxf3 15. Bxf3 Rxb2 16. Rfd1 Ne5 17. Bd5 Ng4 18.
Ne4 Bh6 19. h3 Nxf2 20. Nxf2 Bxe3 21. Rf1 Rd8 22. Rcd1 e6 23. Bb3 Rxd1 24. Bxd1 Rxa2 25. g3 a5 26. Kg2 Kg7 27. Kf3 Rxf2+ 28. Rxf2 Bxf2 29.
Kxf2 Kf6 30. Kf3 Ke5 31. Ba4 Kd4 32. Kf4 e5+ 33. Kg5 e4 34. Kf4 g5+ 35. Kxg5 e3 36. Bb5 a4 37. Bxa4 e2 38. Bb3 e1=Q 0-1

[Event "*** Titled Tuesday Blitz"]
[Site "Chess.com"]
[Date "2019.08.06"]
[Round "4"]
[White "Lion_DL"]
[Black "nitpicker"]
[Result "1-0"]
[WhiteElo "2343"]
[BlackElo "2244"]
[TimeControl "180+2"]
[EndTime "13:50:54 PDT"]
[Termination "Lion_DL won on time"]

1. e4 d5 2. exd5 Qxd5 3. Nc3 Qd8 4. Bc4 Nf6 5. d4 c6 6. Nf3 Bf5 7. h3 h6 8. Bf4 e6 9. Bb3 Bd6 10. Qd2 Qc7 11. Bxd6 Qxd6 12. O-O-O Nbd7 13. g4 Bh7 14. g5 hxg5 15. Nxg5 Bg6 16. f3 O-O-O 17. Nce4 Qc7 18. Qg2 Rh6 19. Kb1 Nd5 20. Nxf7 Ne3 21. Qg5 Bxe4 22. Qxe3 Bxf3 23. Nxh6 Bxh1 24. Rxh1 gxh6 25.
Qxh6 e5 26. dxe5 Nxe5 27. a3 a6 28. h4 Nf3 29. h5 Nd2+ 30. Ka2 Nxb3 31. cxb3 Qf7 32.
Qe3 Re8 33. Qg3 Rg8 34. Qh3+ Kb8 35. h6 1-0

[Event "*** Titled Tuesday Blitz"]
[Site "Chess.com"]
[Date "2019.08.06"]
[Round "4"]
[White "enriquetejedor"]
[Black "swayamsm"]
[Result "1-0"]
[WhiteElo "2570"]
[BlackElo "2486"]
[TimeControl "180+2"]
[EndTime "13:50:55 PDT"]
[Termination "enriquetejedor won by resignation"]

1. e4 e6 2. d4 d5 3. Nc3 Nf6 4. Bg5 Bb4 5. e5 h6 6. Bd2 Bxc3 7. Bxc3 Ne4 8. Bb4 c5 9. Bxc5 Nxc5 10. dxc5 Nd7 11.
Qd4 Qc7 12. f4 Qxc5 13. Nf3 Qxd4 14. Nxd4 Nc5 15. O-O-O Bd7 16. Kb1 O-O 17. Bd3 f5 18.
Rd2 Rac8 19. c3 Nxd3 20. Rxd3 Kf7 21. h4 Kg6 22. h5+ Kf7 23. Rdd1 a6 24. Rhg1 Ke7 25. Rdf1 Bb5 26. Rf3 Rf7 27. Kc1 Be8 28. g4 fxg4 29. Rxg4 b5 30. Kd2 Bd7 31. Ke3 a5 32. Rfg3 Kf8 33.
a3 Rc4 34. Rg6 b4 35. axb4 axb4 36. Kd3 bxc3 37. bxc3 Ra4 38. f5 Rxf5 39. Nxf5 Bb5+ 40. Kc2 exf5 41. Rxg7 Re4 42. Rb7 Ba4+ 43. Kd2 Rxe5 44. Rgg7 Be8 45. Rh7 Kg8 46. Rbg7+ Kf8 47. Ra7 Kg8 48.
Rxh6 f4 49. Rf6 Bxh5 50. Rxf4 Bg6 51. Rg4 Re6 52. Rg5 Rd6 53. Ra5 Kf7 54. Raxd5 Rf6 55. Rge5 Rf2+ 56. Re2 Rf4 57. Rd4 Rf3 58. c4 Ra3 59. c5 Ra6 60. Rd6 Ra5 61. c6 Rc5 62. Rd7+ Kf6 63. c7 Bf5 64. Rd6+ Kf7 65. Rf2 Ke7 66.
Rxf5 Rxc7 67. Rdf6 Rc4 68. Kd3 Rc1 69. Rf7+ Ke6 70.
Rf2 Rd1+ 71. Ke2 Ra1 72. R7f3 Ra2+ 73. Kf1 Ra1+ 74. Kg2 Ra4 75. Re3+ Kd5 76. Rd2+ Kc5 77. Rc3+ Kb5 78. Rb2+ Ka5 79. Rc8 Rg4+ 80. Kf3 1-0

[Event "*** Titled Tuesday Blitz"]
[Site "Chess.com"]
[Date "2019.08.06"]
[Round "4"]
[White "Amirreza_p"]
[Black "Blazinq"]
[Result "1-0"]
[WhiteElo "2835"]
[BlackElo "2600"]
[TimeControl "180+2"]
[EndTime "13:50:58 PDT"]
[Termination "Amirreza_p won by resignation"]

1. e4 c5 2. Nf3 d6 3. d4 cxd4 4. Nxd4 Nf6 5. Nc3 a6 6. Be2 e5 7. Nb3 Be7 8. O-O O-O 9. Kh1 b6 10. f3 Bb7 11. a4 d5 12. exd5 Nxd5 13. Nxd5 Qxd5 14. Qxd5 Bxd5 15. Be3 Nd7 16. Rfd1 Be6 17. a5 b5 18. f4 Rac8 19. Rac1 exf4 20. Bxf4 Nf6 21. Nd4 Bg4 22. Re1 Bb4 23. c3 Bxe2 24. cxb4 Bc4 25. Nf5 Nd5 26. Bd6 Rfe8 27. Bc5 Rxe1+ 28. Rxe1 Rd8 29. Nd6 Bb3 30. Kg1 h5 31.
g3 g6 32. Ne4 Bc4 33. Nd6 Bb3 34. Kf2 Nf6 35. Re7 Be6 36. Ra7 Rxd6 37. Bxd6 Ne4+ 38. Ke3 Nxd6 39. Rxa6 Nc4+ 40. Kd4 Nxb2 41. Rb6 Nc4 42. Rxb5 Nd6 43. Rb8+ Kg7 44. a6 Bd7 45. a7 Nb5+ 46. Rxb5 Bc6 1-0

[Event "*** Titled Tuesday Blitz"]
[Site "Chess.com"]
[Date "2019.08.06"]
[Round "4"]
[White "gmjoey1"]
[Black "cukus"]
[Result "1/2-1/2"]
[WhiteElo "2554"]
[BlackElo "2398"]
[TimeControl "180+2"]
[EndTime "13:51:00 PDT"]
[Termination "Game drawn by repetition"]

1. e4 e5 2. Nf3 Nf6 3. Nc3 Nc6 4. Bb5 Bc5 5. Nxe5 Nxe5 6. d4 Bd6 7. O-O O-O 8. f4 Nc6 9. e5 Be7 10. d5 a6 11. Bd3 Nb4 12. d6 cxd6 13. exf6 Bxf6 14.
Kh1 d5 15. a3 Nxd3 16. Qxd3 d4 17. Nd5 d6 18. f5 Re8 19. Qg3 Be5 20. Qg4 g6 21. Bh6 Kh8 22. Rae1 Bxf5 23. Rxf5 gxf5 24. Qh5 Bg7 25. Rf1 Bxh6 26. Qxh6 Re6 27. Qf4 Qg8 28. Nc7 Rae8 29. Nxe8 Rxe8 30. Qxd4+ Qg7 31. Qxd6 Qe5 32. Qxe5+ Rxe5 33. g3 Re2 34. Rxf5 Rxc2 35. b4 Rc3 36. Rxf7 Rxa3 37. Rxb7 a5 38. bxa5 Rxa5 39. Kg2 Ra4 40. Kh3 Kg8 41. g4 Rc4 42. Kh4 Rc6 43. Kh5 Rd6 44. h4 Rc6 45. g5 Rd6 46. Rb4 Rc6 47. Kg4 Ra6 48. h5 Rc6 49. h6 Ra6 50. Rb8+ Kf7 51.
Rb7+ Kg8 52. Rg7+ Kh8 53. Re7 Kg8 54. Kf4 Ra4+ 55. Kf5 Ra5+ 56. Kf6 Ra6+ 57. Kf5 Ra5+ 58. Kf6 Ra6+ 59. Re6 Rxe6+ 60. Kxe6 Kh8 61. Ke7 Kg8 62.
Kf6 Kh8 63. Ke7 Kg8 64. Ke6 Kh8 65. Kf5 Kg8 66. Kf6 Kh8 67. Ke7 1/2-1/2

[Event "*** Titled Tuesday Blitz"]
[Site "Chess.com"]
[Date "2019.08.06"]
[Round "4"]
[White "Wolverine_master"]
[Black "gemarin"]
[Result "0-1"]
[WhiteElo "2118"]
[BlackElo "2078"]
[TimeControl "180+2"]
[EndTime "13:51:01 PDT"]
[Termination "gemarin won by resignation"]

1. e4 c5 2. Nf3 Nc6 3. d4 cxd4 4.
Nxd4 Nf6 5. Nc3 d6 6. Bg5 e6 7.
Qd2 a6 8. O-O-O h6 9. Bh4 Bd7 10. f4 Nxe4 11. Nxe4 Qxh4 12. Nxc6 Bxc6 13. Nxd6+ Bxd6 14. Qxd6 Rd8 15. Qxd8+ Qxd8 16. Rxd8+ Kxd8 17. Bd3 Ke7 18. Re1 Rd8 19. g3 Kf6 20. Be4 Bxe4 21. Rxe4 Rd5 22. c4 Rd3 23. Kc2 Rf3 24. Rd4 Ke7 25. b4 Rf2+ 26. Rd2 Rf3 27. Rd3 Rf1 28. Rd1 Rxd1 29. Kxd1 e5 30. fxe5 Ke6 31. Ke2 Kxe5 32. Ke3 f5 33. a4 g5 34. c5 Kd5 35. h4 a5 36. bxa5 Kxc5 37. h5 Kd5 38. Kd3 f4 39. gxf4 gxf4 40. Ke2 Ke4 41. Kf2 Ke5 42. Ke2 Kf5 43.
Kf3 Kg5 44. Ke4 Kg4 45. Kd5 f3 46. Kc5 f2 47. Kb6 f1=Q 48. Kxb7 Qf3+ 49. Kb6 Qe3+ 50. Kb7 Qe4+ 51. Ka7 Qxa4 52. a6 Kxh5 53. Kb7 Kg4 54. a7 h5 55. a8=Q Qxa8+ 56. Kxa8 h4 0-1

[Event "*** Titled Tuesday Blitz"]
[Site "Chess.com"]
[Date "2019.08.06"]
[Round "4"]
[White "Karina_Ivanova"]
[Black "leclash"]
[Result "1-0"]
[WhiteElo "2174"]
[BlackElo "2205"]
[TimeControl "180+2"]
[EndTime "13:51:02 PDT"]
[Termination "Karina_Ivanova won by resignation"]

1. Nf3 d5 2. g3 Bg4 3. Bg2 Nd7 4.
O-O Ngf6 5. h3 Bxf3 6. Bxf3 c6 7. d3 e5 8. c4 dxc4 9. dxc4 e4 10. Bg2 Bc5 11.
Qc2 Qe7 12. e3 O-O-O 13. Nc3 Rde8 14. a3 h5 15. b4 Bd6 16. c5 Bc7 17. h4 g5 18.
hxg5 Ng4 19. Nxe4 h4 20. Qe2 f5 21. gxf6 Ndxf6 22. Bb2 hxg3 23. Nxf6 Nxf6 24. fxg3 Rh6 25. Rad1 Bxg3 26. Bxf6 Rxf6 27. Rxf6 Qxf6 28. Qg4+ Qe6 29. Qxg3 Qxe3+ 30. Qxe3 Rxe3 31. Kh2 Rxa3 32. Bh3+ Kc7 33.
Rd7+ Kc8 34. Rd3+ 1-0

[Event "*** Titled Tuesday Blitz"]
[Site "Chess.com"]
[Date "2019.08.06"]
[Round "4"]
[White "pandamaster3000"]
[Black "HanSchut"]
[Result "1-0"]
[WhiteElo "2312"]
[BlackElo "2203"]
[TimeControl "180+2"]
[EndTime "13:51:02 PDT"]
[Termination "pandamaster3000 won by resignation"]

1. e4 c5 2. Nf3 d6 3. Bb5+ Nd7 4. d4 cxd4 5. Qxd4 a6 6. Bxd7+ Qxd7 7. c4 Nf6 8. Bg5 Qg4 9. Nbd2 Qxg2 10. Rg1 Qh3 11. O-O-O e5 12. Qd3 Nh5 13. Qb3 f6 14. Be3 g5 15.
Kb1 Be7 16. Rc1 h6 17. Rgd1 O-O 18. c5+ Be6 19. Qxb7 Rad8 20. c6 Rf7 21. Qxa6 Nf4 22. Bxf4 exf4 23. c7 Rc8 24. Nd4 Bf8 25. Nxe6 Qxe6 26.
Qb7 Qd7 27. Qd5 Rxc7 28. Rxc7 Qxc7 29. Rc1 Qe7 30. Nf3 Kg7 31. Nd4 Qb7 32. Nf5+ Kh7 33. Qe6 Qd7 34. Qd5 Bg7 35. f3 Qe8 36. Nxd6 Qf8 37.
Qxf7 Qxd6 38. Qd5 Qa6 39. Qf5+ Kg8 40. Rc8+ Bf8 41. Qg6+ 1-0

[Event "*** Titled Tuesday Blitz"]
[Site "Chess.com"]
[Date "2019.08.06"]
[Round "4"]
[White "Samantha_Ross"]
[Black "novocane"]
[Result "1-0"]
[WhiteElo "2086"]
[BlackElo "2174"]
[TimeControl "180+2"]
[EndTime "13:51:03 PDT"]
[Termination "Samantha_Ross won by resignation"]

1. c4 e5 2. d3 Nc6 3. Nf3 Nf6 4. Nc3 Bb4 5. g3 d5 6. cxd5 Nxd5 7. Bd2 O-O 8. Bg2 Be6 9. O-O f6 10. Nxd5 Bxd5 11. Bxb4 Nxb4 12. a3 Nc6 13. b4 a6 14.
Rc1 Qd7 15. Rc5 Be6 16. Qc2 Bh3 17. Bxh3 Qxh3 18. Qc4+ Kh8 19. a4 Rad8 20. b5 Nd4 21. Nxd4 Rxd4 22. Qc2 f5 23. Rxc7 f4 24. Qc5 Re8 25.
Rxb7 Rxd3 26. Qc7 Rg8 27. Qxe5 Rd7 28. Rxd7 Qxd7 29. b6 Qxa4 30. Rb1 fxg3 31. hxg3 Qe8 32. Qxe8 Rxe8 33. b7 Rb8 34. Rc1 1-0

[Event "*** Titled Tuesday Blitz"]
[Site "Chess.com"]
[Date "2019.08.06"]
[Round "4"]
[White "Chigorinetz"]
[Black "Litti"]
[Result "0-1"]
[WhiteElo "2617"]
[BlackElo "2490"]
[TimeControl "180+2"]
[EndTime "13:51:06 PDT"]
[Termination "Litti won by resignation"]

1. e4 c5 2. Nc3 Nc6 3. Nge2 e6 4.
g3 Nf6 5. Bg2 d5 6. exd5 exd5 7.
d4 cxd4 8. Nxd4 Bc5 9. Be3 Nxd4 10. Bxd4 Bxd4 11. Qxd4 Be6 12. O-O O-O 13. Rad1 Qa5 14. Rfe1 Rfd8 15. h3 h6 16. a3 Rac8 17. Qb4 Qxb4 18.
axb4 d4 19. Nb5 Rxc2 20. Nxd4 Rxb2 21. b5 a6 22. g4 axb5 23. Nxe6 Rxd1 24. Rxd1 fxe6 25.
Rd8+ Kf7 26. Rb8 Nd5 27. Rxb7+ Kf6 28. h4 b4 29. Be4 Nf4 30. Kh2 g5 31. h5 Rxf2+ 32.
Kg3 Rb2 33. Rh7 b3 34. Rxh6+ Ke5 35. Bh7 Rg2+ 36. Kf3 b2 37. Be4 Re2 38. Bb1 Re1 39. Bc2 Rc1 40. Bh7 Rc3+ 41. Kf2 Nd3+ 42. Bxd3 Rxd3 0-1

[Event "*** Titled Tuesday Blitz"]
[Site "Chess.com"]
[Date "2019.08.06"]
[Round "4"]
[White "Philosopherrr"]
[Black "Schachspielerr"]
[Result "0-1"]
[WhiteElo "2462"]
[BlackElo "2655"]
[TimeControl "180+2"]
[EndTime "13:51:10 PDT"]
[Termination "Schachspielerr won by resignation"]

1. e4 e5 2. Nf3 Nc6 3. Bb5 a6 4. Ba4 Nf6 5. O-O b5 6. Bb3 Be7 7. Re1 d6 8. c3 O-O 9. h3 Na5 10.
Bc2 c5 11. d4 Nc6 12. d5 Na5 13. Nbd2 Bd7 14. b4 cxb4 15. cxb4 Nc4 16. Nxc4 bxc4 17. Bd2 Qb8 18. Bc3 Rc8 19. Nd2 Bd8 20. Rb1 Bb6 21. a4 Qa7 22. Qf3 Bd4 23. Rec1 Rab8 24.
Bd1 Bb6 25. a5 Bd4 26. Be2 Bb5 27.
Bf1 Rc7 28. Bxd4 Qxd4 29. Qc3 Rbc8 30. Qc2 c3 31. Nb3 Qxb4 32. Bxb5 axb5 33. a6 Qxe4 34. Qa2 c2 35. Ra1 Nxd5 36. a7 Ra8 37. Qa6 Rcxa7 38.
Qc6 g6 39. Rxa7 Rxa7 40. Qxd6 Nf4 41. f3 Qe2 42. Qd8+ Kg7 43. Qg5 Qe3+ 44. Kh2 f6 45. Qg3 Qxb3 46. Qf2 Rc7 47. Qb6 Qc4 48. Qd6 Nd3 49.
Ra1 c1=Q 0-1

[Event "*** Titled Tuesday Blitz"]
[Site "Chess.com"]
[Date "2019.08.06"]
[Round "4"]
[White "smshk35"]
[Black "saraswathii"]
[Result "0-1"]
[WhiteElo "2338"]
[BlackElo "2356"]
[TimeControl "180+2"]
[EndTime "13:51:16 PDT"]
[Termination "saraswathii won by resignation"]

1. e4 c5 2. Nf3 e6 3. g3 Nc6 4. d3 Nf6 5. Bg2 d5 6. Nbd2 dxe4 7. dxe4 Qc7 8. O-O e5 9. c3 Be6 10. h3 h6 11. Qe2 O-O-O 12. a4 Na5 13. Re1 c4 14. b4 cxb3 15. Bb2 Nc4 16. Nxc4 Bxc4 17. Qe3 Bc5 18. Qc1 Rhe8 19. a5 b6 20. Ba3 bxa5 21. Bxc5 Qxc5 22. Nd2 Re6 23. Nxc4 Qxc4 24. Rxa5 Kb7 25.
Qa3 a6 26. Bf1 Qxc3 27. Rc1 Qd4 28. Rxa6 Rdd6 29. Qxb3+ Rb6 30. Qc2 Rec6 31. Rxb6+ Qxb6 32. Qd1 Rxc1 33. Qxc1 Nxe4 34. Bg2 Qxf2+ 35. Kh1 f5 36.
Bxe4+ fxe4 37. Qb1+ Kc7 38. Qxe4 Qxg3 39. h4 Qf4 40. Qg6 Qxh4+ 0-1

[Event "*** Titled Tuesday Blitz"]
[Site "Chess.com"]
[Date "2019.08.06"]
[Round "4"]
[White "Karacsonyi_Gellert"]
[Black "Manukyan_Artak"]
[Result "0-1"]
[WhiteElo "2514"]
[BlackElo "2394"]
[TimeControl "180+2"]
[EndTime "13:51:17 PDT"]
[Termination "Manukyan_Artak won by resignation"]

1. e4 c5 2. Nf3 a6 3. c3 d5 4.
exd5 Qxd5 5. d4 Bg4 6. Be2 e6 7. O-O Nf6 8. Na3 cxd4 9. cxd4 Nc6 10.
Be3 Bxa3 11. bxa3 O-O 12. h3 Bh5 13. Qb3 b5 14. Rac1 Na5 15. Qxd5 Nxd5 16. g4 Bg6 17. Ne5 Rfc8 18. Bf3 Nc4 19. Nxg6 hxg6 20. Bxd5 exd5 21.
Rc3 f6 22. Kg2 Kf7 23. Kg3 g5 24. Bc1 Nd6 25. Rxc8 Rxc8 26. f3 Rc2 27. Re1 Nc4 28. h4 gxh4+ 29. Kxh4 Rxa2 30. g5 Nxa3 31. Kh5 Rh2+ 32.
Kg4 Nc4 33. Bf4 Ra2 34. gxf6 gxf6 35. Kf5 b4 36. Re6 b3 37. Rxf6+ Ke7 38. Bg5 Kd7 39. Bc1 Rc2 40. Bf4 b2 41. Rf7+ Kc6 42. Rc7+ Kb5 43. Rb7+ Nb6 44. Bc7 Rxc7 0-1

[Event "*** Titled Tuesday Blitz"]
[Site "Chess.com"]
[Date "2019.08.06"]
[Round "4"]
[White "Micki-taryan"]
[Black "sergoy"]
[Result "1-0"]
[WhiteElo "2965"]
[BlackElo "2845"]
[TimeControl "180+2"]
[EndTime "13:51:19 PDT"]
[Termination "Micki-taryan won on time"]

1. Nf3 Nf6 2. g3 g6 3. Bg2 Bg7 4. O-O O-O 5. c4 c6 6. b3 Ne4 7. d4 d5 8. Bb2 Bf5 9. e3 a5 10. Nc3 Nxc3 11. Bxc3 Be4 12. Qe2 Nd7 13. Rfd1 a4 14. b4 dxc4 15. Qxc4 Nb6 16. Qe2 Nd5 17.
Be1 a3 18. Rac1 Qb6 19. Qc4 Rfd8 20. Qb3 e6 21. Rc4 Nc7 22. Rcc1 Qb5 23. Bf1 Qh5 24. Nd2 Bd5 25. Qc2 e5 26. e4 Be6 27. d5 Bd7 28. b5 Nxb5 29. Bxb5 cxb5 30. f3 Bh6 31. Qd3 Ra4 32. Bf2 f5 33. Be3 f4 34. gxf4 exf4 35. Bb6 Re8 36. Kh1 Bg7 37. Rg1 Qe5 38. Rc7 Qd6 39.
Rgc1 Qxb6 40. Rxd7 Qd4 41. Qe2 Qe3 42. Qg2 Rd4 43. Rcc7 Be5 44. Rxh7 1-0